 Dungeon Crawl Stone Soup version 0.29-a0-506-ga2e7fffb44 (webtiles) character file.

Game seed: 16404054645792962820

130 jlumianski the Covered (level 5, -1/32 HPs)
             Began as a Gargoyle Fighter on May 29, 2022.
             Frozen to death by an endoplasm (3 damage)
             ... on level 4 of the Dungeon.
             The game lasted 00:07:40 (3287 turns).

jlumianski the Covered (Gargoyle Fighter)           Turns: 3287, Time: 00:07:40

Health: -1/32      AC: 13    Str: 22    XL:     5   Next: 14%
Magic:  5/5        EV:  9    Int:  8    God:
Gold:   175        SH:  4    Dex:  9    Spells: 4/4 levels left

rFire   . . .      SeeInvis .   a - +0 war axe
rCold   . . .      Faith    .   c - +0 buckler
rNeg    + . .      Spirit   .   b - +0 scale mail
rPois   ∞          Reflect  .   (no helmet)
rElec   +          Harm     .   h - +0 cloak
rCorr   .          Rampage  .   (no gloves)
Will    .....                   j - +0 pair of boots
Stlth   ..........              (no amulet)
HPRegen 0.10/turn               (no ring)
MPRegen 0.09/turn               (no ring)

@: no status effects
A: sickness immunity, AC +4, negative energy resistance 1, electricity
resistance, torment resistance 1, petrification resistance
a: no special abilities


You were on level 4 of the Dungeon.
You visited 1 branch of the dungeon, and saw 4 of its levels.

You collected 175 gold pieces.

Inventory:

Hand Weapons
 a - a +0 war axe (weapon)
 n - a +1 spear of flaming
Missiles
 i - 143 stones (quivered)
Armour
 b - a +0 scale mail (worn)
 c - a +0 buckler (worn)
 h - a +0 cloak (worn)
 j - a +0 pair of boots (worn)
Jewellery
 g - a ring of fire
 q - a ring of see invisible
Scrolls
 f - 3 scrolls of teleportation
 k - a scroll of torment
 l - 2 scrolls of summoning
 m - 2 scrolls of noise
 p - 3 scrolls of fog
 r - a scroll of immolation
Potions
 d - 2 potions of might
 o - a potion of attraction {unknown}


   Skills:
 + Level 3.6 Fighting
 + Level 3.2 Axes
 + Level 4.2 Armour
 + Level 0.4 Dodging
 + Level 1.2 Stealth
 + Level 3.7 Shields


You had 4 spell levels left.
You didn't know any spells.
Your spell library was empty.

Dungeon Overview and Level Annotations

Branches:
Dungeon (4/15)
 Temple: D:4-7

Altars:
Ru
Zin


Innate Abilities, Weirdness & Mutations

You are immune to sickness and miasma.
Your stone body is resilient. (AC +4)
You are immune to poison.
You resist negative energy. (rN+)
You are resistant to electric shocks. (rElec)
You are resistant to unholy torment.
You are immune to petrification.


Message History

The iguana bites you but does no damage.
The iguana bites you!
You barely miss the iguana. The iguana bites you.
You slash the iguana!
The iguana is severely wounded.
You block the iguana's attack.
You barely miss the iguana.
The iguana is severely wounded.
The iguana completely misses you. You block the iguana's attack.
You barely miss the iguana.
The iguana is severely wounded.
The iguana bites you!
* * * LOW HITPOINT WARNING * * *
You hit the iguana but do no damage.
The iguana is severely wounded.
The iguana barely misses you.
You closely miss the iguana.
The iguana is severely wounded.
The iguana bites you but does no damage.
The iguana bites you!
* * * LOW HITPOINT WARNING * * *
You hit the iguana but do no damage.
The iguana is severely wounded.
The iguana bites you but does no damage.
You hit the iguana.
The iguana is almost dead.
The iguana misses you.
You hit the iguana but do no damage.
The iguana is almost dead.
The iguana barely misses you. You block the iguana's attack.
You slash the iguana!
You kill the iguana!
You have reached level 5!
You see here an iguana corpse.
Found an escape hatch in the floor.
An endoplasm comes into view.
The endoplasm quivers.
The endoplasm freezes you.
You are frozen.
You die...

#########
###@.......
#...J..#### ###
##..##.# #.#
#.###...# #
#.### #...>...#
# #....
##########.#.#
#.###
##........†...#
#.#B#
#........##.###
#.#§#
#......).##.#
#.#§#


You could see an endoplasm.

Vanquished Creatures
  2 iguanas (D:4)
  3 adders
  A worm (D:1)
  An orc (D:3)
  5 endoplasms
  A giant cockroach (D:2)
  5 goblins
  8 hobgoblins
  2 quokkas (D:1)
  6 ball pythons
  4 bats
  3 frilled lizards
  3 kobolds
  2 rats
46 creatures vanquished.

Notes
Turn   | Place    | Note
-------+----------+-------------------------------------------
     0 | D:1      | jlumianski the Gargoyle Fighter began the quest for the
                  | Orb.
     0 | D:1      | Reached XP level 1. HP: 14/14 MP: 1/1
   265 | D:1      | Reached XP level 2. HP: 17/19 MP: 2/2
   293 | D:1      | Found a faded altar of an unknown god.
  1221 | D:2      | Reached XP level 3. HP: 23/23 MP: 3/3
  1456 | D:2      | Reached skill level 1 in Stealth
  1839 | D:3      | Reached XP level 4. HP: 27/28 MP: 4/4
  1850 | D:3      | Found a sacrificial altar of Ru.
  2889 | D:3      | Found a glowing silver altar of Zin.
  3007 | D:4      | Reached skill level 4 in Armour
  3274 | D:4      | HP: 1/28 [iguana (7)]
  3279 | D:4      | Reached XP level 5. HP: 1/32 MP: 5/5
  3287 | D:4      | Frozen to death by an endoplasm

Illustrated notes

Levels and vault maps discovered:
D:1:      heliophobic_arrival_ceremonial_halls, layout_rooms, serial_forest,
          infiniplex_forest_clump_curved, infiniplex_forest_clump_tiny,
          infiniplex_forest_clump_large, infiniplex_forest_end_2,
          infiniplex_forest_straight_1, infiniplex_forest_lined_2,
          infiniplex_forest_lined_4_way, infiniplex_forest_lined_2,
          infiniplex_forest_end_double, infiniplex_forest_lined_3_way,
          ebering_ecumenical_altar_abandoned
D:2:      layout_basic, chequers_serial_rivers_large_b
D:3:      layout_basic, zin_scriptorium, mainiacjoe_overflow_surrounded_room
D:4:      layout_basic, palyth_temple_overflow_mages,
          lightli_ossuary_entry_decrepit_ruins, gup_sewer_entry_pipe,
          small_statue_intersection, minmay_pentangle

Skill      XL: |  1  2  3  4 |
---------------+-------------+-----
Axes           | 2 3 |  3.2
Stealth        | 1 |  1.2
Armour         | 4 |  4.2
Fighting       | |  3.6
Dodging        | |  0.4
Shields        | |  3.7

Action                   |  1- 3 |  4- 6 || total
-------------------------+-------+-------++-------
Melee: War axe           |   110 |    65 ||   175
  Use: Scroll            |       |     6 ||     6
Armor: Scale mail        |    79 |    32 ||   111
Dodge: Dodged            |    70 |    33 ||   103
Block: Buckler           |    31 |     8 ||    39

Table legend: (Time is in decaauts)
 A = Elapsed time spent in this place.
 B = Non-inter-level travel time spent in this place.
 C = Inter-level travel time spent in this place.
 D = Time resting spent in this place.
 E = Time spent auto-exploring this place.
 F = Levels seen in this place.
 G = Mean time per level.
                   A        B        C        D        E       F      G
               +--------+--------+--------+--------+--------+-----+--------+
         Total |   3410 |   3337 |     73 |    280 |   2072 |   4 |  852.5 |
       Dungeon |   3410 |   3337 |     73 |    280 |   2072 |   4 |  852.5 |
               +--------+--------+--------+--------+--------+-----+--------+

Top non-repeatable levels by time:
     D:3: 1187 daAuts
     D:1: 967 daAuts
     D:2: 910 daAuts
     D:4: 345 daAuts
